 Dungeon Crawl Stone Soup version 0.29.1-1-gd02db6906a (webtiles) character file.

Game seed: 6999320872950223885

429 sleeves the Cleaver (level 7, -6/57 HPs)
             Began as a Meteoran Fighter on Sept 24, 2022.
             Mangled by a gnoll
             ... wielding a +0 flail
             ... led by a gnoll sergeant
              (8 damage)
             ... on level 5 of the Dungeon.
             The game lasted 00:08:11 (2071 turns).

sleeves the Cleaver (Meteoran Fighter)              Turns: 2071, Time: 00:08:12

Health: -6/57      AC:  8    Str: 20    XL:     7   Next: 43%
Magic:  8/8        EV:  7    Int:  9    God:
Gold:   165        SH:  9    Dex: 14    Spells: 6/6 levels left

rFire   + . .      SeeInvis .   a - +0 war axe
rCold   . . .      Faith    .   f - +0 kite shield
rNeg    . . .      Spirit   .   b - +0 scale mail
rPois   .          Reflect  .   (no helmet)
rElec   .          Harm     .   i - +0 cloak
rCorr   .          Rampage  .   (no gloves)
Will    .....                   (no boots)
Stlth   ..........              (no amulet)
HPRegen 0.19/turn               r - ring of protection from fire
MPRegen 0.11/turn               (no ring)

@: lethally poisoned (-6 -> -20), glowing
A: sense surroundings 1, otherworldly, glowing, explore regen
a: no special abilities


You were on level 5 of the Dungeon.
You visited 1 branch of the dungeon, and saw 6 of its levels.

You collected 165 gold pieces.

Inventory:

Hand Weapons
 a - a +0 war axe (weapon)
Missiles
 o - 12 poisoned darts (quivered)
Armour
 b - a +0 scale mail (worn)
 c - a +0 buckler
 f - a +0 kite shield (worn)
   (You found it on level 1 of the Dungeon)
 i - a +0 cloak (worn)
   (You found it on level 1 of the Dungeon)
Jewellery
 m - a +6 ring of intelligence
   (You found it on level 1 of the Dungeon)
 r - a ring of protection from fire (left hand)
   (You found it on level 3 of the Dungeon)
Wands
 n - a wand of polymorph (10)
   (You found it on level 2 of the Dungeon)
 y - a wand of iceblast (7)
   (You found it on level 4 of the Dungeon)
Scrolls
 g - 6 scrolls of identify {unknown}
 h - 6 scrolls of fear {unknown}
 j - 3 scrolls of fog {unknown}
 p - a scroll of blinking {unknown}
 q - a scroll of enchant armour {unknown}
 w - 2 scrolls of teleportation {unknown}
 x - a scroll of silence {unknown}
Potions
 d - a potion of might
 e - 2 potions of heal wounds
 k - 4 potions of curing {unknown}
 l - a potion of degeneration {unknown}
 s - a potion of magic {unknown}
 t - a potion of resistance {unknown}
 u - a potion of berserk rage {unknown}
 v - 2 potions of flight {unknown}
 z - a potion of lignification {unknown}


   Skills:
 - Level 3.2 Fighting
 + Level 8.7 Axes
 - Level 3.6 Armour
 - Level 3.6 Shields


You had 6 spell levels left.
You didn't know any spells.
Your spell library contained the following spells:

 Spells                   Type           Power      Damage    Failure   Level
 Summon Small Mammal      Summ           0%         N/A       98%         1
 Dazzling Flash           Conj/Hex       0%         N/A       100%        3
 Iskenderun's Mystic Bla  Conj/Tloc      0%         2d3       100%        4
 Borgnjor's Vile Clutch   Necr/Erth      0%         N/A       100%        5
 Starburst                Conj/Fire      0%         6d3       100%        6


Dungeon Overview and Level Annotations

Branches:
Dungeon (6/15) Zot: 1453
 Temple: D:4-7

Altars:
Makhleb

Shops:
D:2 *   D:3 (

Annotations:
D:2 1 runed translucent door, Crazy Yiuf
D:5 Sigmund


Innate Abilities, Weirdness & Mutations

You passively map a small area around you.
You are easily found by Zot.
You glow in the dark.
You regain HP and MP as you explore.


Message History

A hobgoblin comes into view.
Found a leather armour.
The hobgoblin shouts!
You see here 15 gold pieces.
You see here a wand of polymorph (10).
n - a wand of polymorph (10)
You now have 58 gold pieces (gained 15).
There are no items here.
The hobgoblin hits you.
You slash the hobgoblin!
You kill the hobgoblin!
You see here a hobgoblin corpse.
Found a scroll labelled RULIKA IRYNIU.
There is an entrance to Waulan's Assorted Antiques here.
Things that are here:
a +0 dagger; 5 poisoned darts
o - 5 poisoned darts
p - a scroll labelled RULIKA IRYNIU
e - 2 metallic black potions (gained 1)
Found a scroll labelled GUYLEAFEHO.
Found a stone staircase leading down.
q - a scroll labelled GUYLEAFEHO
There is a stone staircase leading down here.
You climb downwards.
There is a stone staircase leading up here.
You climb upwards.
There is a stone staircase leading down here.
Found a scroll labelled WOWYEF HEVEONE.
g - 4 scrolls labelled WOWYEF HEVEONE (gained 1)
There is a stone staircase leading down here.
You climb downwards.
The frilled lizard hisses angrily.
There is a stone staircase leading up here.
A hobgoblin comes into view.
The hobgoblin shouts!
The frilled lizard bites you.
The hobgoblin moves out of view.
You barely miss the frilled lizard.
The frilled lizard bites you but does no damage. x2
You closely miss the frilled lizard. You block the frilled lizard's attack.
You miss the frilled lizard.
You block the frilled lizard's attack. x2
You hit the frilled lizard.
The frilled lizard is heavily wounded.
The frilled lizard closely misses you.
You barely miss the frilled lizard.
The frilled lizard is heavily wounded.
The frilled lizard bites you but does no damage.
You block the frilled lizard's attack.
You closely miss the frilled lizard.
The frilled lizard is heavily wounded.
The frilled lizard closely misses you.
You hit the frilled lizard.
You kill the frilled lizard!
You block the hobgoblin's attack.
You slash the hobgoblin!
You kill the hobgoblin!
No target in view!
No target in view!
You see here a frilled lizard corpse.
There is a stone staircase leading up here.
You climb upwards.
There is a stone staircase leading down here.
Found a hammer.
Found a runed translucent door.
Crazy Yiuf shouts!
Crazy Yiuf screams, "Mountain sizzlefizz eyeball!"
Press: ? - help, v - describe, . - travel
Here: Crazy Yiuf, wielding a +4 quarterstaff of chaos and wearing a +0 cloak (fire blocked by a runed translucent door)
The floor.
Unknown command.
Unknown command.
Unknown command.
Unknown command.
Unknown command.
There is a stone staircase leading down here.
You climb downwards.
There is a stone staircase leading up here.
You see here a frilled lizard corpse.
Found a stone staircase leading up.
There is a stone staircase leading up here.
You climb upwards.
Level annotation: 1 runed translucent door, Crazy Yiuf Jessica shouts!
Found four items.
Found an escape hatch in the floor.
There is a stone staircase leading down here.
Jessica points at you and mumbles some strange words.
You barely resist. You hit Jessica.
Jessica is moderately wounded.
Jessica gestures wildly while chanting.
Jessica blinks!
Jessica casts a spell.
Jessica blinks!
The dart slug bites you but does no damage.
You hit the dart slug but do no damage.
Jessica mumbles some strange words.
Jessica seems to speed up.
You block the dart slug's attack.
You slash the dart slug!
The dart slug is severely wounded.
Jessica gestures wildly while chanting.
Jessica blinks!
The dart slug launches a dart at you. The slug dart misses you.
You hit the dart slug but do no damage.
The dart slug is severely wounded.
The dart slug misses you.
You hit the dart slug.
You kill the dart slug!
Jessica gestures at you while chanting.
You barely resist. You closely miss Jessica.
Jessica is moderately wounded.
Jessica hits you but does no damage. x2; You block Jessica's attack.
You slash Jessica!
You kill Jessica!
Your Axes skill increases to level 5!
You have reached level 4!
Things that are here:
a +0 club; a +0 robe A giant cockroach comes into view.
You see here a scroll labelled SATHRE REMOECVE.
There is a stone staircase leading down here.
You see here a scroll labelled SATHRE REMOECVE.
j - 3 scrolls labelled SATHRE REMOECVE (gained 1)
You see here a scroll labelled WOWYEF HEVEONE.
g - 5 scrolls labelled WOWYEF HEVEONE (gained 1)
The giant cockroach closely misses you.
You barely miss the giant cockroach.
The giant cockroach bites you but does no damage.
You hit the giant cockroach.
You kill the giant cockroach!
There is a stone staircase leading down here.
You climb downwards.
There is a stone staircase leading up here.
Found a burning altar of Makhleb.
A goblin comes into view. It is wielding a +0 dagger.
The goblin shouts!
A giant cockroach comes into view.
The goblin hits you but does no damage.
You slash the goblin!
You kill the goblin!
You slash the giant cockroach!
You kill the giant cockroach!
Things that are here:
a +0 dagger; a goblin corpse
Found a diamond ring.
Found a short sword.
r - a ring of protection from fire
r - a ring of protection from fire (left hand)
Found a club, a flail and a human corpse.
Found Fosavaog's Weapon Shop.
You see here a +0 short sword.
There is an entrance to Fosavaog's Weapon Shop here.
You can access your shopping list by pressing '$'.
You see here a +0 club.
You see here a +0 short sword.
Found a dark potion.
s - a dark potion Sorry, I don't know how to traverse that place.
Found a green potion.
k - 2 green potions (gained 1)
Found 3 stones.
Found a leather armour.
You see here 3 stones.
You see here a +0 leather armour.
Found a stone staircase leading down.
A worm comes into view.
You block the worm's attack.
You slash the worm!
The worm is heavily wounded.
You block the worm's attack.
You hit the worm but do no damage.
The worm is heavily wounded.
You block the worm's attack.
You barely miss the worm.
The worm is heavily wounded.
You hit the worm.
The worm is severely wounded.
You block the worm's attack.
You hit the worm.
The worm is almost dead.
The worm bites you.
You slash the worm!
You kill the worm!
No target in view!
No target in view!
No target in view!
No target in view!
No target in view!
You open the door.
There is an open door here.
You open the door.
Found a stone staircase leading down.
There is an open door here.
There is a stone staircase leading down here.
There is a stone staircase leading down here.
You climb downwards.
HP restored.
Found a white potion.
There is a stone staircase leading up here.
t - a white potion
There is a stone staircase leading up here.
You climb upwards.
There is a stone staircase leading down here.
There is an open door here.
There is a stone staircase leading down here.
You climb downwards.
There is a stone staircase leading up here.
You climb upwards.
There is a stone staircase leading down here.
There is an open door here.
There is a stone staircase leading down here.
Found a scroll labelled XEKIYT KALA.
A sourceless malevolence fills the Dungeon...
You fall into a shaft and drop 1 floor!
The shaft crumbles and collapses.
Found a quarterstaff and an emerald potion.
You see here a +0 quarterstaff.
u - an emerald potion An iguana comes into view.
The iguana hisses angrily.
The iguana hisses menacingly.
The iguana closely misses you.
You slash the iguana!
The iguana is heavily wounded.
The iguana bites you.
You hit the iguana but do no damage.
The iguana is heavily wounded.
The iguana bites you! The iguana bites you.
You hit the iguana.
The iguana is heavily wounded.
The iguana bites you.
You hit the iguana.
The iguana is severely wounded.
The iguana bites you.
* * * LOW HITPOINT WARNING * * *
You block the iguana's attack.
You hit the iguana.
The iguana is almost dead.
You block the iguana's attack.
You closely miss the iguana.
The iguana is almost dead.
The iguana bites you but does no damage.
You hit the iguana but do no damage.
The iguana is almost dead.
The iguana bites you!
* * * LOW HITPOINT WARNING * * *
You block the iguana's attack.
You barely miss the iguana.
The iguana is almost dead.
The iguana bites you!
* * * LOW HITPOINT WARNING * * *
You hit the iguana.
You kill the iguana!
You have reached level 5!
You start waiting.
A phantom comes into view.
Found a scroll labelled NIOH EFONULA.
There is a stone staircase leading up here.
You climb upwards.
There is a stone staircase leading down here.
There is an open door here.
There is a stone staircase leading down here.
Really walk into that teleport trap?
You enter a teleport trap!
The teleport trap disappears.
Your surroundings suddenly seem different.
Found a book of Spectacle.
Found a stone staircase leading down.
You pick up a book of Spectacle and begin reading...
You add the spells Dazzling Flash, Iskenderun's Mystic Blast and Starburst to your library.
Found a short sword.
Found 15 gold pieces.
You see here a +0 short sword.
You now have 73 gold pieces (gained 15).
Okay, then.
Found 3 gold pieces.
Found 2 clear potions.
Found a dagger.
You now have 76 gold pieces (gained 3).
v - 2 clear potions A kobold comes into view.
It is wielding a +0 whip.
The kobold shouts!
You block the kobold's attack.
You slash the kobold!
You kill the kobold!
Things that are here:
a +0 whip; a kobold corpse
Things that are here:
a +0 whip; a kobold corpse
There is a stone staircase leading down here.
You climb downwards.
There is a stone staircase leading up here.
A quokka comes into view.
Found a scroll labelled RULIKA IRYNIU.
You closely miss the quokka. You block the quokka's attack.
You barely miss the quokka. The quokka barely misses you.
You block the quokka's attack.
You hit the quokka.
The quokka is moderately wounded.
The quokka bites you.
The quokka bites you but does no damage.
You closely miss the quokka.
The quokka is moderately wounded.
The quokka bites you but does no damage.
An iguana comes into view.
You barely miss the quokka.
The quokka is lightly wounded.
The quokka bites you but does no damage.
You block the quokka's attack. You block the iguana's attack.
You barely miss the quokka.
The quokka is lightly wounded.
You barely miss the iguana. The quokka bites you.
The iguana bites you but does no damage.
You block the quokka's attack.
You completely miss the quokka.
The quokka is lightly wounded.
You hit the iguana but do no damage.
The quokka bites you but does no damage.
You block the iguana's attack.
You miss the quokka.
The quokka is lightly wounded.
You hit the iguana. You block the quokka's attack.
You block the iguana's attack.
The quokka bites you but does no damage.
The iguana bites you.
You closely miss the iguana.
The iguana is moderately wounded.
You closely miss the quokka.
The quokka bites you but does no damage.
The iguana bites you! You block the quokka's attack.
You are too injured to fight recklessly!
You are too injured to fight recklessly!
You are too injured to fight recklessly!
You are too injured to fight recklessly!
You are too injured to fight recklessly!
You are too injured to fight recklessly!
You are too injured to fight recklessly!
You are too injured to fight recklessly!
You closely miss the iguana.
The iguana is moderately wounded.
You closely miss the quokka. You block the iguana's attack.
The quokka bites you but does no damage.
The iguana hisses menacingly.
The iguana bites you!
* * * LOW HITPOINT WARNING * * *
You hit the iguana.
The iguana is moderately wounded.
You barely miss the quokka.
The quokka bites you but does no damage.
The quokka bites you.
* * * LOW HITPOINT WARNING * * *
You block the iguana's attack.
You hit the iguana.
The iguana is severely wounded.
You miss the quokka.
The quokka bites you but does no damage.
The iguana closely misses you. You block the quokka's attack.
The iguana bites you!
* * * LOW HITPOINT WARNING * * *
You slash the iguana!
You kill the iguana!
You barely miss the quokka. You block the quokka's attack.
The quokka bites you.
* * * LOW HITPOINT WARNING * * *
Your Axes skill increases to level 6!
You slash the quokka!
You kill the quokka!
A gnoll comes into view. It is wielding a +0 club.
The gnoll shouts!
You hear a shout!
A gnoll comes into view. It is wielding a +0 club.
A gnoll comes into view. It is wielding a +0 halberd.
The gnoll shouts! x2
A goblin comes into view. It is wielding a +0 club.
There is a stone staircase leading up here.
You climb upwards.
There is a stone staircase leading down here.
A kobold comes into view. It is wielding a +0 dagger.
The kobold shouts!
The kobold moves out of view.
You slash the kobold!
You kill the kobold!
No target in view!
Things that are here:
a +0 dagger; 3 stones You now have 83 gold pieces (gained 7).
HP restored.
A kobold comes into view. It is wielding a +0 short sword.
No target in view!
No target in view!
No target in view!
You see here the Writings on Assembling and Grit.
You pick up the Writings on Assembling and Grit and begin reading...
You add the spells Summon Small Mammal and Borgnjor's Vile Clutch to your library.
You block the kobold's attack.
You slash the kobold!
You kill the kobold!
No target in view!
No target in view!
No target in view!
No target in view!
No target in view!
You see here a +0 short sword.
A worm comes into view.
A bat comes into view.
A dart slug comes into view.
Found a scroll labelled QODWINU IBESCHI.
The bat hits you but does no damage.
An adder comes into view.
The adder hisses angrily.
The bat hits you but does no damage.
The dart slug briefly extends its eye-stalks.
The bat hits you but does no damage. You block the bat's attack.
The adder bites you but does no damage. The bat hits you but does no damage.
The worm bites you.
You hit the worm.
The worm is lightly wounded.
You closely miss the bat. You completely miss the adder.
The bat closely misses you. The adder bites you but does no damage.
You block the bat's attack. You block the adder's attack.
The worm bites you but does no damage.
You hit the worm.
The worm is lightly wounded.
You slash the adder! You barely miss the bat. You block the bat's attack. x2
The bat hits you but does no damage.
The adder bites you but does no damage. x2
The worm bites you but does no damage.
You miss the adder.
The adder is almost dead.
You hit the worm. You barely miss the bat. You block the bat's attack.
The adder barely misses you.
You hit the adder.
You kill the adder!
You barely miss the bat. You hit the worm. The bat hits you but does no damage.
You block the bat's attack. x2; The worm bites you.
You hit the worm.
The worm is heavily wounded.
You slash the dart slug! You block the bat's attack. The worm bites you!
The dart slug launches a dart at you.
The slug dart hits you but does no damage.
You hit the dart slug.
You kill the dart slug!
You completely miss the worm. The bat completely misses you.
The worm bites you!
You are too injured to fight recklessly!
You are too injured to fight recklessly!
You are too injured to fight recklessly!
You are too injured to fight recklessly!
You are too injured to fight recklessly!
You are too injured to fight recklessly!
You are too injured to fight recklessly!
You are too injured to fight recklessly!
You are too injured to fight recklessly!
You are too injured to fight recklessly!
You are too injured to fight recklessly!
You are too injured to fight recklessly!
You are too injured to fight recklessly!
You are too injured to fight recklessly!
You are too injured to fight recklessly!
You hit the worm.
The worm is severely wounded.
You block the bat's attack. x2; The worm completely misses you.
You hit the worm.
The worm is severely wounded.
You closely miss the bat. You block the bat's attack.
The bat hits you but does no damage. You block the bat's attack.
The worm bites you but does no damage.
You slash the worm!
You kill the worm!
The bat hits you. You block the bat's attack.
You see here a worm corpse.
You block the bat's attack. You block the bat's attack.
You hit the bat.
You kill the bat!
h - 2 scrolls labelled QODWINU IBESCHI (gained 1)
Found 15 gold pieces.
Found 11 gold pieces and a scroll labelled NIOH EFONULA.
You now have 98 gold pieces (gained 15).
Found 9 gold pieces.
w - a scroll labelled NIOH EFONULA You now have 109 gold pieces (gained 11).
You now have 118 gold pieces (gained 9).
A rat comes into view.
You barely miss the rat. The rat bites you but does no damage.
You barely miss the rat. The rat closely misses you. The rat barely misses you.
You hit the rat.
You kill the rat!
No target in view!
No target in view!
There is an open door here.
There is a stone staircase leading down here.
x - a scroll labelled XEKIYT KALA
There is a stone staircase leading down here.
You climb downwards.
There is a stone staircase leading up here.
w - 2 scrolls labelled NIOH EFONULA (gained 1)
A phantom is nearby!
A worm comes into view.
You slash the phantom!
The phantom is heavily damaged.
The phantom hits you.
You barely miss the phantom.
The phantom is heavily damaged.
You block the phantom's attack. x2
You closely miss the phantom.
The phantom is heavily damaged.
You block the phantom's attack.
You hit the phantom.
The phantom is severely damaged.
The phantom hits you.
You hit the phantom.
The phantom is almost destroyed.
You block the phantom's attack. x2
You miss the phantom.
The phantom is almost destroyed.
You hit the worm.
The phantom hits you but does no damage.
The worm bites you but does no damage.
You slash the phantom!
You destroy the phantom!
You hit the worm. You block the worm's attack.
Your Axes skill increases to level 7!
You have reached level 6!
You feel agile.
You hit the worm but do no damage. You block the worm's attack.
You slash the worm!
The worm is almost dead.
You slash the worm!
You kill the worm!
No target in view!
No target in view!
No target in view!
No target in view!
No target in view!
No target in view!
No target in view!
No target in view!
No target in view!
No target in view!
No target in view!
No target in view!
No target in view!
You swing at nothing.
Unknown command.
HP restored.
o - 7 poisoned darts (gained 2)
An adder comes into view.
An adder is nearby!
You barely miss the adder. The adder bites you but does no damage.
You block the adder's attack.
You completely miss the adder. The adder bites you but does no damage.
The adder bites you.
You are poisoned.
The adder poisons you!
You barely miss the adder.
You feel very sick. The adder bites you.
You slash the adder!
The adder is severely wounded.
You feel sick. The adder bites you but does no damage.
You block the adder's attack.
You hit the adder.
The adder is almost dead.
You feel sick. You block the adder's attack.
The adder bites you but does no damage.
You miss the adder.
The adder is almost dead.
You feel sick. The adder bites you but does no damage.
You closely miss the adder.
The adder is almost dead.
You feel sick.
You are no longer poisoned.
The adder bites you but does no damage. The adder closely misses you.
You closely miss the adder.
The adder is severely wounded.
You block the adder's attack. The adder bites you but does no damage.
You hit the adder.
You kill the adder!
No target in view!
No target in view!
No target in view!
No target in view!
No target in view!
No target in view!
No target in view!
A quokka comes into view.
A quokka is nearby!
You barely miss the quokka.
The quokka bites you but does no damage.
You slash the quokka!
You kill the quokka!
No target in view!
No target in view!
No target in view!
No target in view!
No target in view!
You start removing your armour.
You continue taking off your +0 kite shield. x4
You finish taking off your +0 kite shield.
There's something in the way.
There's something in the way.
You swing at nothing.
You swing at nothing.
You start putting on your armour.
You continue putting on your +0 kite shield. x4
You finish putting on your +0 kite shield.
You swing at nothing.
You swing at nothing.
Unknown command.
You see here a quokka corpse.
A ball python comes into view.
The ball python hisses angrily.
A ball python is nearby!
A ball python is nearby!
The ball python barely misses you. You block the ball python's attack.
You hit the ball python.
The ball python is heavily wounded.
The ball python barely misses you. The ball python grabs you.
The ball python constricts you.
You hit the ball python.
You kill the ball python!
No target in view!
No target in view!
No target in view!
No target in view!
Found a leather armour.
A ball python comes into view.
The ball python hisses angrily.
A ball python is nearby!
You barely miss the ball python. The ball python bites you.
You block the ball python's attack.
You hit the ball python.
You kill the ball python!
No target in view!
No target in view!
No target in view!
You see here a +0 leather armour.
You now have 132 gold pieces (gained 14).
You see here a +0 leather armour.
You see here a ball python corpse.
You see here a ball python corpse.
A quokka comes into view.
A quokka is nearby!
A quokka is nearby!
A hobgoblin comes into view.
Found a stone staircase leading down.
The hobgoblin shouts!
The quokka bites you.
The hobgoblin moves out of view.
You barely miss the quokka. The quokka closely misses you.
You slash the quokka!
You kill the quokka!
You hit the hobgoblin.
The hobgoblin is lightly wounded.
You block the hobgoblin's attack.
You barely miss the hobgoblin.
The hobgoblin is lightly wounded.
The hobgoblin hits you.
You slash the hobgoblin!
You kill the hobgoblin!
You now have 147 gold pieces (gained 15).
Found a stone staircase leading down.
No target in view!
No target in view!
No target in view!
No target in view!
No target in view!
k - 4 green potions (gained 2)
A kobold comes into view. It is wielding a +0 club.
The kobold shouts!
You hear a bark!
You hear a shout!
You closely miss the kobold. You block the kobold's attack.
You barely miss the kobold. The kobold hits you with a +0 club.
You slash the kobold!
You kill the kobold!
A hound comes into view.
The hound barks!
You hear a shout!
You hear a bark!
Things that are here:
a +0 club; a kobold corpse
Found a lumpy purple potion.
You slash the hound!
The hound is severely wounded.
The hound bites you but does no damage. x2
You slash the hound!
You kill the hound!
A kobold comes into view. It is wielding a +0 dagger.
You completely miss the kobold. The kobold hits you but does no damage.
You block the kobold's attack.
You slash the kobold!
You kill the kobold!
You see here a +0 dagger.
z - a lumpy purple potion A kobold comes into view.
It is wielding a +0 whip and carrying a wand of iceblast (10).
The kobold zaps a wand.
The mass of ice explodes!
The iceblast engulfs you.
You hear a shout!
You hear a bark!
You open the door.
A kobold comes into view. It is wielding a +0 dagger.
The kobold shouts!
A jackal comes into view.
The kobold throws a stone.
The stone hits you but does no damage.
A quokka comes into view.
The kobold throws a stone.
The stone hits you but does no damage.
You slash the quokka!
You kill the quokka!
The kobold throws a stone.
The stone barely misses you.
You hit the jackal.
You kill the jackal!
You slash the kobold!
You kill the kobold!
The kobold zaps a wand.
The mass of ice explodes!
The iceblast engulfs you! You block the kobold's attack.
You closely miss the kobold.
The kobold zaps a wand.
The mass of ice explodes!
The iceblast engulfs you!
The iceblast engulfs the kobold.
The kobold dies!
You are too injured to fight recklessly!
You are too injured to fight recklessly!
You are too injured to fight recklessly!
y - a wand of iceblast (7)
h - 3 scrolls labelled QODWINU IBESCHI (gained 1)
Things that are here:
a +0 whip; 5 stones; a kobold corpse
Found a glowing spear.
Really walk into that teleport trap?
Okay, then.
You see here a +0 spear of venom.
Really walk into that teleport trap? [Y]es or [N]o only, please.
Really walk into that teleport trap? [Y]es or [N]o only, please.
Really walk into that teleport trap? [Y]es or [N]o only, please.
Really walk into that teleport trap? [Y]es or [N]o only, please.
Really walk into that teleport trap? [Y]es or [N]o only, please.
Really walk into that teleport trap? [Y]es or [N]o only, please.
Really walk into that teleport trap? [Y]es or [N]o only, please.
Really walk into that teleport trap?
You enter a teleport trap!
The teleport trap disappears.
Your surroundings seem slightly different.
You see here a +0 dagger.
Things that are here:
a +0 club; a kobold corpse
There is a stone staircase leading down here.
You climb downwards.
HP restored.
There is a stone staircase leading up here.
Found 5 poisoned darts.
Found a quarterstaff.
Found a scroll labelled WOWYEF HEVEONE.
Found 3 scrolls labelled QODWINU IBESCHI.
o - 12 poisoned darts (gained 5)
g - 6 scrolls labelled WOWYEF HEVEONE (gained 1)
h - 6 scrolls labelled QODWINU IBESCHI (gained 3)
An adder comes into view.
The adder hisses angrily.
You slash the adder!
You kill the adder!
No target in view!
No target in view!
An orc and an iguana come into view.
The orc shouts!
The iguana hisses angrily.
You hear a shout!
An orc comes into view. It is wielding a +0 hand axe.
You hit the iguana.
The iguana is lightly wounded.
You block the iguana's attack.
You hit the iguana.
The iguana is heavily wounded.
The iguana closely misses you.
You hit the iguana but do no damage.
The iguana is heavily wounded.
You block the iguana's attack. x2
You hit the iguana.
The iguana is severely wounded.
You block the iguana's attack.
You closely miss the iguana.
The iguana is severely wounded.
The iguana bites you but does no damage.
You hit the iguana.
The iguana is almost dead.
The iguana bites you! The iguana bites you.
You hit the iguana.
You kill the iguana!
You closely miss the orc. The orc barely misses you.
You closely miss the orc. You block the orc's attack.
You closely miss the orc. The orc hits you with a +0 war axe! x2
* * * LOW HITPOINT WARNING * * *
You are too injured to fight recklessly!
You are too injured to fight recklessly!
You are too injured to fight recklessly!
You are too injured to fight recklessly!
You are too injured to fight recklessly!
You are too injured to fight recklessly!
You are too injured to fight recklessly!
You are too injured to fight recklessly!
You are too injured to fight recklessly!
You are too injured to fight recklessly!
You slash the orc!
You kill the orc!
Things that are here:
a +0 war axe; an orc corpse; an iguana corpse The orc shouts!
You hear a shout!
An ogre comes into view. It is wielding a +0 giant club.
The ogre shouts!
An orc comes into view. It is wielding a +0 short sword.
The orc attacks as you move away! The orc hits you with a +0 hand axe.
* * * LOW HITPOINT WARNING * * *
The orc throws a boomerang.
You block the boomerang.
The orc throws a boomerang.
You block the boomerang.
A necrophage comes into view.
The necrophage moves out of view.
There is a stone staircase leading up here.
You climb upwards.
There is a stone staircase leading down here.
You start waiting.
Unknown command.
There is a stone staircase leading down here.
You climb downwards.
HP restored.
The adder hisses angrily.
There is a stone staircase leading up here.
You block the necrophage's attack.
You slash the necrophage!
The necrophage is moderately damaged.
The necrophage completely misses you.
You slash the necrophage!
The necrophage is severely damaged.
You block the necrophage's attack.
You slash the necrophage!
You destroy the necrophage!
You closely miss the adder. The adder bites you. The adder barely misses you.
Your Axes skill increases to level 8!
You have reached level 7!
You slash the adder!
You kill the adder!
No target in view!
No target in view!
No target in view!
No target in view!
No target in view!
No target in view!
Found 6 gold pieces.
An adder comes into view.
Found a stone staircase leading down.
The adder hisses angrily.
You see here 6 gold pieces.
You barely miss the adder. The adder bites you but does no damage.
You closely miss the adder.
The adder bites you but does no damage. x2
You barely miss the adder. You block the adder's attack. x2
You miss the adder. You block the adder's attack.
You barely miss the adder.
The adder bites you but does no damage. x2
You miss the adder. The adder bites you. You block the adder's attack.
You barely miss the adder. The adder bites you but does no damage.
You closely miss the adder.
The adder bites you but does no damage. x2
You hit the adder.
The adder is lightly wounded.
You block the adder's attack. The adder barely misses you.
You hit the adder but do no damage.
The adder is lightly wounded.
The adder bites you.
You are poisoned.
The adder poisons you!
You hit the adder.
The adder is moderately wounded.
You feel sick. The adder bites you. The adder closely misses you.
You closely miss the adder.
The adder is moderately wounded.
You feel sick. The adder barely misses you. The adder bites you.
You are more poisoned.
The adder poisons you!
You closely miss the adder.
The adder is moderately wounded.
You feel very sick. The adder barely misses you.
You hit the adder.
The adder is moderately wounded.
You feel sick. The adder bites you.
You are more poisoned.
The adder poisons you! You block the adder's attack.
You barely miss the adder.
The adder is moderately wounded.
You feel very sick. The adder bites you.
You are more poisoned.
The adder poisons you!
You are too injured to fight recklessly!
The adder attacks as you move away! The adder bites you.
You feel very sick. You block the adder's attack.
You closely miss the adder.
The adder is moderately wounded.
You feel very sick. The adder barely misses you.
You hit the adder.
The adder is heavily wounded.
You feel sick. The adder bites you but does no damage.
The adder barely misses you.
You barely miss the adder.
The adder is heavily wounded.
You feel sick. You block the adder's attack.
The adder bites you but does no damage.
You closely miss the adder.
The adder is heavily wounded.
You feel sick. The adder bites you but does no damage.
You closely miss the adder.
The adder is heavily wounded.
You feel sick. The adder bites you but does no damage.
You block the adder's attack.
You barely miss the adder.
The adder is heavily wounded.
You feel sick. The adder bites you but does no damage.
You block the adder's attack.
You slash the adder!
You kill the adder!
You feel sick.
You are no longer poisoned.
You now have 153 gold pieces (gained 6).
You see here an adder corpse.
You see here an adder corpse.
Found 12 gold pieces.
A white imp comes into view.
The white imp shouts, "Embrace thy dedition, thou errant two-tin-hat gonus!"
The white imp shouts, "Embrace submission, thou loggerheaded nose-picking flim-flammer!"
The white imp gestures at you. The puff of frost hits you!
You slash the white imp!
You kill the white imp!
You now have 165 gold pieces (gained 12).
A hound comes into view.
There is a stone staircase leading down here.
You climb downwards.
HP restored.
Found a buckler, 4 stones and a runed mace.
There is a stone staircase leading up here.
You climb upwards.
The hound bites you. The hound bites you but does no damage.
You block the hound's attack.
There is a stone staircase leading down here.
You hit the hound.
The hound is moderately wounded.
You block the hound's attack.
You closely miss the hound.
The hound is moderately wounded.
The hound bites you. The hound bites you but does no damage.
You hit the hound but do no damage.
The hound is moderately wounded.
The hound bites you. x2
You slash the hound!
You kill the hound!
No target in view!
Sigmund the Dreaded comes into view.
He is wielding a +0 scythe.
Sigmund shouts!
A gnoll comes into view. It is wielding a +0 whip.
Found a red potion.
The gnoll shouts!
You hear a shout!
You hear an angry hiss.
A gnoll sergeant and a gnoll come into view.
The gnoll sergeant is wielding a +0 spear of venom.
The gnoll sergeant shouts!
Sigmund hits you with a +0 scythe!
An iguana comes into view.
You slash Sigmund!
Sigmund is severely wounded.
A gnoll comes into view. It is wielding a +0 flail.
You block Sigmund's attack.
A gnoll comes into view. It is wielding a +0 spear.
The gnoll shouts!
You hit Sigmund but do no damage.
Sigmund is severely wounded.
Sigmund drinks a potion.
Sigmund is healed!
You closely miss Sigmund. You slash the gnoll!
Sigmund hits you but does no damage.
You slash the gnoll!
You kill the gnoll!
You closely miss Sigmund.
The gnoll throws a throwing net.
The throwing net hits you.
You become entangled in the net!
The gnoll sergeant hits you but does no damage.
You are poisoned.
Sigmund hits you with a +0 scythe.
You are held in a net!
You are held in a net!
You are held in a net!
You are held in a net!
You are held in a net!
You are held in a net!
You are held in a net!
You are held in a net!
You are held in a net!
You tear a large gash into the net.
You feel sick.
The gnoll sergeant hits you from afar with a +0 spear of venom.
The gnoll hits you from afar with a +0 spear.
You shred the net and break free!
You feel sick. Sigmund hits you with a +0 scythe!
* * * LOW HITPOINT WARNING * * *
You block the gnoll's attack. You block the gnoll sergeant's attack.
You barely miss Sigmund. You slash the gnoll! You barely miss the iguana.
You feel sick. You block the iguana's attack.
The gnoll hits you with a +0 flail.
* * * LOW HITPOINT WARNING * * *
You block the gnoll's attack.
The gnoll hits you from afar with a +0 spear.
* * * LOW HITPOINT WARNING * * *
The gnoll sergeant hits you from afar with a +0 spear of venom.
* * * LOW HITPOINT WARNING * * *
You are lethally poisoned!
A scorpion comes into view.
Sigmund hits you with a +0 scythe!
* * * LOW HITPOINT WARNING * * *
The gnoll attacks as you move away! The gnoll hits you with a +0 flail!
You die...

#.. ##.....# #...#
##....# . .... #....# *
* .. ... #....# *
...##.###### #....#
#..........# #....# *
#..........###....#####
.....gg)..............#
,
s....g.@...#.>........#
,
#!...g@l...#.##.......#
, ,,
#............####..†.##
#..........##.....##.#
* *
#..........##.######.#
...........# .# ##.##
### ...........# ##
#...# ....
........###.,* ###...#
.#.# ....####.....#


You could see Sigmund, a gnoll sergeant, a scorpion (wandering), an iguana and 3
gnolls.

Vanquished Creatures
  A phantom (D:4)
  A necrophage (D:5)
  2 hounds
  3 iguanas
  Jessica (D:2)
  A gnoll (D:5)
  5 adders
  A white imp (D:5)
  3 worms
  3 dart slugs
  An orc (D:5)
  4 ball pythons
  An endoplasm (D:2)
  3 giant cockroaches
  2 goblins
  5 hobgoblins
  4 jackals
  8 kobolds
  5 quokkas
  3 bats
  A frilled lizard (D:3)
  6 rats
64 creatures vanquished.

Vanquished Creatures (others)
  A kobold (D:4)
1 creature vanquished.

Grand Total: 65 creatures vanquished

Notes
Turn   | Place    | Note
-------+----------+-------------------------------------------
     0 | D:1      | sleeves the Meteoran Fighter began the quest for the Orb.
     0 | D:1      | Reached XP level 1. HP: 19/19 MP: 2/2
   176 | D:1      | Reached skill level 3 in Axes
   176 | D:1      | Reached XP level 2. HP: 26/26 MP: 3/3
   215 | D:1      | Found a faded altar of an unknown god.
   311 | D:2      | Found Waulan's Assorted Antiques.
   328 | D:2      | Reached XP level 3. HP: 31/31 MP: 4/4
   330 | D:2      | Reached skill level 4 in Axes
   537 | D:2      | Found a runed translucent door.
   538 | D:2      | Noticed Crazy Yiuf
   577 | D:2      | Noticed Jessica
   587 | D:2      | Killed Jessica
   588 | D:2      | Reached skill level 5 in Axes
   588 | D:2      | Reached XP level 4. HP: 38/38 MP: 5/5
   618 | D:3      | Found a burning altar of Makhleb.
   644 | D:3      | Found Fosavaog's Weapon Shop.
   831 | D:3      | You fall into a shaft and drop 1 floor!
   854 | D:4      | HP: 18/38 [iguana (4)]
   857 | D:4      | HP: 8/38 [iguana (10)]
   858 | D:4      | HP: 1/38 [iguana (8)]
   860 | D:4      | Reached XP level 5. HP: 1/45 MP: 6/6
   963 | D:4      | Noticed a phantom
  1217 | D:4      | HP: 21/45 [iguana (8)]
  1219 | D:4      | HP: 9/45 [iguana (9)]
  1221 | D:4      | Reached skill level 6 in Axes
  1325 | D:3      | Got the Writings on Assembling and Grit
  1514 | D:4      | Killed a phantom
  1515 | D:4      | Reached skill level 7 in Axes
  1515 | D:4      | Reached XP level 6. HP: 47/51 MP: 7/7
  1752 | D:5      | Entered Level 5 of the Dungeon
  1833 | D:5      | HP: 25/51 [orc/+0 war axe (8)]
  1837 | D:5      | Noticed an ogre
  1840 | D:5      | HP: 20/51 [orc/+0 hand axe (6)]
  1985 | D:5      | Reached skill level 8 in Axes
  1985 | D:5      | Reached XP level 7. HP: 55/57 MP: 8/8
  2011 | D:5      | HP: 28/57 [poisoned by an adder]
  2016 | D:5      | HP: 22/57 [poisoned by an adder]
  2060 | D:5      | Noticed Sigmund
  2069 | D:5      | HP: 27/57 [Sigmund/+0 scythe (7)]
  2070 | D:5      | HP: 11/57 [gnoll sergeant/+0 spear of venom (6)]
  2070 | D:5      | HP: 2/57 [Sigmund/+0 scythe (9)]
  2071 | D:5      | Mangled by a gnoll

Illustrated notes

Levels and vault maps discovered:
D:1:      lemuel_arrival_muddy, layout_rooms, ebering_ecumenical_altar_mist,
          moated_statue, minivault_14
D:2:      layout_rooms, serial_shops, shop, uniq_crazy_yiuf_cottage,
          uniq_jessica
D:3:      layout_basic, mainiacjoe_overflow_alcove_4, serial_shops,
          nicolae_shop_bloodbath_and_beyond
D:4:      layout_basic, hangedman_minor_gate_pass, uniq_eustachio
D:5:      layout_rooms, uniq_menkaure, uniq_grinder, uniq_sigmund
D:6:      layout_layer_cave, nzn_wu_jian_council_hall,
          minmay_temple_entry_mini_moons, uniq_edmund, uniq_blork_the_orc

Skill      XL: |  1  2  3  4  5  6 |
---------------+-------------------+-----
Axes           | 3 5 7 8 |  8.7
Fighting       | |  3.2
Armour         | |  3.6
Shields        | |  3.6

Action                   |  1- 3 |  4- 6 |  7- 9 || total
-------------------------+-------+-------+-------++-------
Melee: War axe           |    55 |   104 |    33 ||   192
Armor: Scale mail        |    37 |    45 |    17 ||    99
Dodge: Dodged            |    18 |    19 |     6 ||    43
Block: Kite shield       |    26 |    64 |    17 ||   107
